 Dungeon Crawl Stone Soup version 0.22.1-1-ga44c0e56f4 (webtiles) character file.

254 KleinerIrrer the Poker (level 5, -7/38 HPs)
             Began as a Demonspawn Gladiator on Oct 31, 2018.
             Killed by nerve-wracking pain
             ... invoked by an orc priest
              (12 damage)
             ... on level 4 of the Dungeon.
             The game lasted 00:05:58 (2705 turns).

KleinerIrrer the Poker (Demonspawn Gladiator)       Turns: 2705, Time: 00:05:58

Health: -7/38      AC:  7    Str: 14    XL:     5   Next: 90%
Magic:  5/5        EV: 12    Int: 10    God:
Gold:   145        SH:  0    Dex: 15    Spells: 4/4 levels left

rFire    . . .     SeeInvis .   a - +1 trident
rCold    . . .     Gourm    .   (no shield)
rNeg     . . .     Faith    .   b - +0 leather armour
rPois    .         Spirit   .   (helmet restricted)
rElec    .         Reflect  .   (no cloak)
rCorr    .         Harm     .   (no gloves)
MR       .....                  j - +2 pair of boots
Stlth    +.........             (no amulet)
HPRegen  0.12/turn              n - +1 ring of protection
MPRegen  0.09/turn              (no ring)

@: no status effects
A: horns 2, talons 1
a: no special abilities


You were on level 4 of the Dungeon.
You were not hungry.

You visited 1 branch of the dungeon, and saw 4 of its levels.

You collected 145 gold pieces.

Inventory:

Hand Weapons
 a - a +1 trident (weapon)
Missiles
 e - 3 javelins (quivered)
Armour
 b - a +0 leather armour (worn)
 j - a +2 pair of boots (worn)
Magical Staves
 o - an uncursed staff of fire
Jewellery
 n - a +1 ring of protection (left hand)
Scrolls
 h - 2 scrolls of enchant armour {unknown}
 k - 2 scrolls of remove curse
 l - a scroll of enchant weapon
 m - 2 scrolls of magic mapping {unknown}
 p - a scroll of fog {unknown}
Potions
 c - 2 potions of curing
 g - a potion of resistance
 i - 2 potions of might {unknown}
Comestibles
 d - 4 chunks of flesh
 f - 4 rations


   Skills:
 - Level 2.0 Fighting
 + Level 6.1 Polearms
 - Level 1.7 Throwing
 - Level 2.6 Dodging


You had 4 spell levels left.
You didn't know any spells.
Your spell library contained the following spells:

 Spells                   Type           Power        Failure   Level  Hunger
 Animate Skeleton         Necr           N/A          43%         1    ##.....
 Apportation              Tloc           #.....       43%         1    ##.....
 Confusing Touch          Hex            #.....       43%         1    ##.....
 Summon Small Mammal      Summ           #...         43%         1    ##.....


Dungeon Overview and Level Annotations

Branches:
Dungeon (4/15)
 Temple: D:4-7

Altars:
Wu Jian

Annotations:
D:2 Sigmund


Innate Abilities, Weirdness & Mutations

You have a pair of horns on your head.
You have sharp toenails.


Message History

p - a scroll labeled WESEOMN XEIXIU The orc shouts!
An orc priest comes into view. It is wielding a whip.
Attack whom?
Press: ? - help, Dir - move target cursor, f - orc
Aim: an orc, wielding a flail of protection You reach to attack!
You closely miss the orc. You puncture the orc!
You kill the orc!
The orc priest calls down the wrath of Beogh upon you.
Beogh smites you!
The orc priest invokes the aid of Beogh against you.
Pain shoots through your body!
The orc priest calls down the wrath of Beogh upon you.
Beogh smites you!
* * * LOW HITPOINT WARNING * * *
Found a stone staircase leading up.
The orc priest calls down the wrath of Beogh upon you.
Pain shoots through your body!
You die...

#..................###..#[.###.#
###..........##..#.......####<..
##..#......###........#.##..##
##..#........#.......#...)#.##
#...##....##...........###.##
#...####....(...........#..##
...... #....................
#........#..................
........###.....@..........#
.......## #................
.#.....# #).o........###..
........#....[........<.... .#
#.........#.....
...?.......##..#. #..###..#...#
...$ ... ..###..# .## ... .# ...


You could see an orc priest.

Vanquished Creatures
  An ogre (D:3)
  2 orc wizards
  4 adders
  A leopard gecko (D:1)
  16 orcs
  4 giant cockroaches
  5 goblins
  7 hobgoblins
  5 kobolds
  6 bats
  2 frilled lizards (D:1)
  2 leopard gecko skeletons (D:4)
  5 rats
60 creatures vanquished.

Notes
Turn   | Place    | Note
-------+----------+-------------------------------------------
     0 | D:1      | KleinerIrrer the Demonspawn Gladiator began the quest for
                  | the Orb.
     0 | D:1      | Reached XP level 1. HP: 16/16 MP: 1/1
   200 | D:1      | Reached skill level 3 in Polearms
   363 | D:1      | Gained mutation: You have a pair of small horns on your
                  | head. [demonic ancestry]
   363 | D:1      | Reached XP level 2. HP: 22/22 MP: 2/2
   702 | D:1      | Found an ornate altar of the Wu Jian Council.
   993 | D:2      | Noticed Sigmund
  1485 | D:2      | You fall through a shaft!
  1517 | D:3      | Reached skill level 4 in Polearms
  1517 | D:3      | Reached XP level 3. HP: 27/27 MP: 3/3
  1850 | D:3      | Gained mutation: You have sharp toenails. [demonic
                  | ancestry]
  1850 | D:3      | Reached XP level 4. HP: 33/33 MP: 4/4
  2207 | D:3      | Reached skill level 5 in Polearms
  2216 | D:3      | Noticed an ogre
  2223 | D:3      | Killed an ogre
  2223 | D:3      | Gained mutation: You have a pair of horns on your head.
                  | [demonic ancestry]
  2223 | D:3      | Reached XP level 5. HP: 38/38 MP: 5/5
  2438 | D:4      | Reached skill level 6 in Polearms
  2705 | D:4      | Killed from afar by an orc priest

Skill      XL: |  1  2  3  4  5 |
---------------+----------------+-----
Polearms       | 3 4 5 6 |  6.1
Fighting       | |  2.0
Throwing       | |  1.7
Dodging        | |  2.6

Action                   |  1- 3 |  4- 6 || total
-------------------------+-------+-------++-------
Melee: Trident           |   111 |    88 ||   199
       Headbutt          |     6 |     9 ||    15
Throw: Throwing net      |     3 |       ||     3
  Use: Scroll            |       |     4 ||     4
 Stab: Sleeping          |     2 |     1 ||     3
  Eat: Ration            |     1 |       ||     1
       Chunk             |       |     2 ||     2
Armor: Leather armour    |    32 |    18 ||    50
Dodge: Dodged            |    46 |    33 ||    79
